 Dungeon Crawl Stone Soup version 0.32-a0-599-gba8f9cf90e (webtiles) character file.

Game seed: 11491104423892215819

664 cforsyth the Grave Robber (level 7, -14/63 HPs)
             Began as a Mountain Dwarf Necromancer on Mar 2, 2024.
             Demolished by a two-headed ogre
             ... wielding a +0 giant club
              (26 damage)
             ... on level 5 of the Dungeon.
             The game lasted 00:11:03 (5343 turns).

cforsyth the Grave Robber (MDNe)                    Turns: 5343, Time: 00:11:03

Health: -14/63     AC: 13    Str: 11    XL:     7   Next: 31%
Magic:  4/9        EV:  5    Int: 17    God:
Gold:   58         SH:  5    Dex: 10    Spells: 8/9 levels left

rFire   . . .        g - +0 flail (freeze)
rCold   . . .        (no shield)
rNeg    . . .        p - +0 chain mail
rPois   .            m - +1 helmet
rElec   .            (no cloak)
rCorr   .            j - +2 pair of gloves
SInv    .            (no boots)
Will    .....        q - amulet of reflection Stlth
                     (no ring)
HPRegen 0.30/turn    (no ring)
MPRegen 0.11/turn

%: reflection
@: about to teleport
A: runic magic, artefact enchanting
a: no special abilities


You were on level 5 of the Dungeon.
You visited 1 branch of the dungeon, and saw 5 of its levels.

You collected 228 gold pieces.
You spent 170 gold pieces at shops.


Innate Abilities, Weirdness & Mutations

Your spellcasting is much less encumbered by armour.
You can use scrolls of enchantment on lesser artefacts.


   Skills:
 + Level 6.0 Fighting
 - Level 1.3 Dodging
 - Level 1.4 Stealth
 - Level 1.7 Spellcasting
 + Level 7.6 Necromancy


You had 8 spell levels left.
You knew the following spells:

 Your Spells              Type           Power      Damage    Failure   Level
X - Necrotise             Necr           100%       1d9       1%          1

Your spell library contained the following spells:

 Spells                   Type           Power      Damage    Failure   Level
 Vampiric Draining        Necr           27%        2d7       6%          3
 Animate Dead             Necr           27%        N/A       21%         4
 Apportation              Tloc           2%         N/A       43%         1
 Shock                    Conj/Air       4%         1d3       43%         1
 Sting                    Conj/Alch      4%         1d3       43%         1
 Summon Small Mammal      Summ           4%         N/A       43%         1
 Curse of Agony           Necr           27%        N/A       50%         5
 Swiftness                Air            1%         N/A       82%         3
 Airstrike                Air            0%         2d(1-17)  99%         4
 Brom's Barrelling Bould  Conj/Erth      1%         2d3       99%         4
 Leda's Liquefaction      Alch/Erth      0%         N/A       99%         4
 Fireball                 Conj/Fire      0%         3d3       100%        5
 Iskenderun's Battlesphe  Conj           1%         2d6       100%        5
 Lee's Rapid Deconstruct  Erth           0%         3d4*      100%        5
 Bombard                  Conj/Erth      0%         9d1       100%        6
 Conjure Ball Lightning   Conj/Air       0%         3x3d6     100%        6
 Orb of Destruction       Conj           0%         9d5       100%        7

Inventory:

Hand Weapons
 g - a +0 flail of freezing (weapon)
Armour
 j - a +2 pair of gloves (worn)
 m - a +1 helmet (worn)
 p - a +0 chain mail (worn)
Jewellery
 q - an amulet of reflection (around neck)
Wands
 n - a wand of flame (15)
Scrolls
 d - a scroll of identify {@r1}
 e - a scroll of brand weapon
 f - a scroll of fog
Potions
 a - a potion of resistance {unknown}
 b - a potion of magic
 h - a potion of haste {@q3}
 i - a potion of ambrosia
 k - a potion of might
 l - a potion of curing {@q1}
 o - a potion of brilliance

Dungeon Overview and Level Annotations

Branches:
Dungeon (5/15)
 Temple: D:4-7

Altars:
Wu Jian

Shops:
D:3 !!

Annotations:
D:5 Pikel

#.# ### #.# #.# ..# #.#
#.# #.. #.# ##.## #.#
##...## #.# ##.....###
##.## #
#........#####...####.#▒
#........Zo@O.###......▒
#........####.# #..####▒
.o..)......# #.# #..#
...##....#..# ##...#.#
.......###..# #####.# .
.###. #..# #.# . #. #..#
#.# .#####(###..# #.#
.oO)Z.......# #.#


You could see a two-headed ogre, an orc (ally target) and a friendly orc wizard
skeleton.


Message History

You easily resist.
The orc writhes in agony.
The orc writhes in agony.
The orc wizard writhes in agony.
The orc wizard writhes in agony.
The orc wizard writhes in agony.
The orc wizard hits you but does no damage.
The orc wizard writhes in agony!
You kill the orc wizard!
The dead are walking!
Your Fighting skill increases to level 6!
As you read the scroll of teleportation {@r2}, it crumbles to dust.
You feel strangely unstable.
The two-headed ogre hits you with a +0 giant club! x2
The orc hits you with a +0 dagger.
You hit the two-headed ogre but do no damage.
The orc hits you but does no damage.
The two-headed ogre hits you with a +0 giant club!
* * * LOW HITPOINT WARNING * * *
You block the two-headed ogre's attack.
Unknown command.
Unknown command.
You closely miss the orc.
The orc is heavily wounded.
Your orc wizard skeleton misses the orc.
You block the orc's attack.
The two-headed ogre hits you with a +0 giant club!
* * * LOW HITPOINT WARNING * * *
The two-headed ogre hits you with a +0 giant club!!
You die...

Skill      XL: |  1  2  3  4  5  6  7 |
---------------+----------------------+-----
Fighting       | 1 2 3 4 5 6 |  6.0
Necromancy     | 5 6 7 |  7.6
Dodging        | |  1.3
Stealth        | |  1.4
Spellcasting   | |  1.7

Action                     |  1- 3 |  4- 6 |  7- 9 || total
---------------------------+-------+-------+-------++-------
  Melee: Unarmed           |    19 |       |       ||    19
         Flail             |    18 |    61 |    11 ||    90
   Cast: Necrotise         |    91 |   115 |    22 ||   228
    Use: Scroll            |       |     6 |     1 ||     7
 Armour: Robe              |    46 |       |       ||    46
         Scale mail        |     9 |    29 |       ||    38
         Chain mail        |       |   200 |    19 ||   219
  Dodge: Dodged            |    32 |    73 |     5 ||   110
  Block: Other             |       |       |     2 ||     2

Levels and vault maps discovered:
D:1:      ldierk_walled_garden, layout_basic,
          shapermc_ecumenical_altar_totnotflames, minmay_misc_feat_enclosed
D:2:      layout_loops_cross, minmay_misc_feat_roman, amethyst_killhole,
          kennysheep_minor_cross
D:3:      layout_loops_cross, serial_shops, shop, shop,
          dreamdust_mushroom_princess, uniq_ijyb, uniq_robin
D:4:      layout_basic, lemuel_tele_altar
D:5:      layout_loops_ring, mainiacjoe_overflow_alcove_4, tgw_sif,
          serial_shops, nicolae_shop_window_shopping, uniq_pikel

Notes
Turn   | Place    | Note
-------+----------+-------------------------------------------
     0 | D:1      | cforsyth the Mountain Dwarf Necromancer began the quest for
                  | the Orb.
     0 | D:1      | Reached XP level 1. HP: 14/14 MP: 3/3
   109 | D:1      | Reached skill level 1 in Fighting
   153 | D:1      | Found a faded altar of an unknown god.
   200 | D:1      | Reached XP level 2. HP: 17/23 MP: 4/4
   748 | D:1      | Reached skill level 2 in Fighting
   751 | D:1      | Reached skill level 5 in Necromancy
   751 | D:1      | Reached XP level 3. HP: 29/29 MP: 0/5
  2139 | D:2      | Reached XP level 4. HP: 35/37 MP: 2/6
  2386 | D:3      | Reached skill level 3 in Fighting
  2524 | D:3      | Found Dasoit's Distillery.
  2534 | D:3      | Bought a potion of might for 40 gold pieces
  2534 | D:3      | Bought a potion of curing for 30 gold pieces
  2551 | D:3      | Found Morit's Distillery.
  2574 | D:3      | Noticed Robin
  2630 | D:3      | Killed Robin
  2779 | D:3      | Noticed Ijyb
  2793 | D:3      | Killed Ijyb
  2794 | D:3      | Reached XP level 5. HP: 39/45 MP: 0/7
  3446 | D:4      | Noticed a phantom
  3477 | D:3      | Bought a potion of haste for 100 gold pieces
  3586 | D:3      | Killed a phantom
  3587 | D:3      | Reached skill level 4 in Fighting
  3587 | D:3      | Reached skill level 6 in Necromancy
  3843 | D:4      | Reached XP level 6. HP: 48/53 MP: 4/8
  4313 | D:4      | Reached skill level 5 in Fighting
  4530 | D:4      | Found an ornate altar of the Wu Jian Council.
  4562 | D:5      | Entered Level 5 of the Dungeon
  4575 | D:5      | Reached skill level 7 in Necromancy
  4601 | D:5      | Noticed a two-headed ogre
  4917 | D:4      | Reached XP level 7. HP: 56/62 MP: 2/9
  4988 | D:5      | Noticed Pikel
  5341 | D:5      | Reached skill level 6 in Fighting
  5343 | D:5      | Demolished by a two-headed ogre

Vanquished Creatures
  A centaur (D:4)
  A lemure (D:4)
  A phantom (D:3)
  3 scorpions
  2 hounds (D:4)
  Ijyb (D:3)
  An iguana (D:4)
  An orc wizard (D:5)
  Robin (D:3)
  2 gnolls (D:5)
  5 adders
  2 ufetubi (D:4)
  4 dart slugs
  A ribbon worm (D:4)
  4 orcs
  6 endoplasms
  2 giant cockroaches
  12 goblins
  8 hobgoblins
  15 jackals
  2 quokkas
  3 ball pythons
  3 bats (D:1)
  5 frilled lizards
  12 kobolds
  6 rats
104 creatures vanquished.

Vanquished Creatures (collateral kills)
  A dart slug (D:4)
  An orc (D:4)
  A ball python (D:1)
  2 endoplasms
  A giant cockroach (D:1)
  A frilled lizard (D:1)
7 creatures vanquished.

Grand Total: 111 creatures vanquished

Table legend: (Time is in decaauts)
 A = Elapsed time spent in this place.
 B = Non-inter-level travel time spent in this place.
 C = Inter-level travel time spent in this place.
 D = Time resting spent in this place.
 E = Time spent auto-exploring this place.
 F = Levels seen in this place.
 G = Mean time per level.
                   A        B        C        D        E       F      G
               +--------+--------+--------+--------+--------+-----+--------+
         Total |   5387 |   5167 |    220 |    463 |   3679 |   5 | 1077.4 |
       Dungeon |   5387 |   5167 |    220 |    463 |   3679 |   5 | 1077.4 |
               +--------+--------+--------+--------+--------+-----+--------+

Top non-repeatable levels by time:
     D:3: 1413 daAuts
     D:1: 1271 daAuts
     D:4: 1259 daAuts
     D:2: 1115 daAuts
     D:5: 328 daAuts

Table legend:
 A = Non-vault XP
 B = Vault XP
 C = Vault XP percentage of total XP
 D = Non-vault monster count
 E = Vault monster count
 F = Vault count percentage of total count
                 A         B        C        D         E       F
            +---------+---------+-------+---------+---------+-------
      Total |     885 |      64 |   6.7 |     101 |       9 |   8.2
            +---------+---------+-------+---------+---------+-------
        D:1 |      56 |       0 |   0.0 |      33 |       0 |   0.0
        D:2 |      59 |       0 |   0.0 |      18 |       0 |   0.0
        D:3 |     145 |      64 |  30.6 |      16 |       9 |  36.0
        D:4 |     392 |       0 |   0.0 |      27 |       0 |   0.0
        D:5 |     233 |       0 |   0.0 |       7 |       0 |   0.0
            +---------+---------+-------+---------+---------+-------
